 Dungeon Sprint DCSS version bcrawl-1.23 (webtiles) character file.

Game seed: 1513359782277755329

32929 Freyura the Bludgeoner (level 13, -3/92 HPs)
             Began as a Gargoyle Fighter on May 28, 2020.
             Was the Champion of the Shining One.
             Slain by a shambling mangrove (14 damage)
             ... in the Dungeon (Sprint IX: "|||||||||||||||||||||||||||||").
             The game lasted 00:14:44 (2741 turns).

Freyura the Bludgeoner (Gargoyle Fighter)           Turns: 2741, Time: 00:14:44

Health: -3/92      AC: 32    Str: 22    XL:     13   Next: 67%
Magic:  23/23      EV:  9    Int:  8    God:    the Shining One [******]
Gold:   1825       SH: 33    Dex: 16    Spells: 12/12 levels left

rFire    . . .     SeeInvis .   d - +4 flail
rCold    . . .     Gourm    .   z - +1 large shield
rNeg     + + +     Faith    .   D - +3 chain mail
rPois    ∞         Spirit   .   E - +1 helmet
rElec    +         Reflect  .   o - +0 cloak
rCorr    .         Harm     .   v - +0 pair of gloves
MR       .....     NoTele   +   (no boots)
Stlth    ..........             (no amulet)
HPRegen  0.25/turn              r - +3 ring of dexterity
MPRegen  0.18/turn              s - +2 ring of evasion

@: divine shield, grasped by roots, slowed, glowing, constricted, very slow
A: negative energy resistance 1, electricity resistance, unbreathing,
petrification resistance, rot immunity, AC +9
a: Divine Shield, Cleansing Flame, Summon Divine Warrior, Brand Weapon With Holy
Wrath, Renounce Religion


You were in the Dungeon.
You worshipped the Shining One.
The Shining One was exalted by your worship.
You were not hungry.

You visited 1 branch You collected 1825 gold pieces.

Inventory:

Hand Weapons
 d - a +4 flail (weapon)
Missiles
 a - a throwing net (quivered) {!f}
Armour
 o - a +0 cloak (worn)
 v - a +0 pair of gloves (worn)
 z - a +1 large shield (worn)
 D - a +3 chain mail (worn)
 E - a +1 helmet (worn)
Jewellery
 j - an uncursed ring of ice
 r - a +3 ring of dexterity (left hand)
 s - a +2 ring of evasion (right hand)
 u - an uncursed ring of fire
 x - an uncursed ring of protection from cold
 y - an uncursed ring of ice
Wands
 n - a wand of iceblast (10)
 w - a wand of paralysis (8)
Scrolls
 k - 2 scrolls of blinking
 l - 6 scrolls of remove curse
 m - 2 scrolls of amnesia
 t - 3 scrolls of fog
 B - 2 scrolls of enchant armour
 C - 4 scrolls of enchant weapon
Potions
 b - a potion of berserk rage
 f - 7 potions of curing
 g - a potion of heal wounds
 h - 3 potions of haste
 i - 4 potions of magic
 A - a potion of brilliance
Comestibles
 e - 9 rations {!d}


   Skills:
 + Level 15.2 Fighting
 * Level 18.6 Maces & Flails
 + Level 15.2 Armour
 + Level 11.8 Dodging
 + Level 15.2 Shields
 + Level 14.1 Invocations


You had 12 spell levels left.
You didn't know any spells.
Your spell library was empty.

Dungeon Overview and Level Annotations

Branches:
Dungeon (1/1)

Altars:
Cheibriados
Dithmenos
Elyvilon
Fedhas
Gozag
Hepliaklqana
Kikubaaqudgha
Lugonu
Makhleb
Nemelex Xobeh
Okawaru
Qazlal
Ru
Sif Muna
Trog
Uskayaw
Vehumet
Wu Jian
Xom
Yredelemnul
Zin
The Shining One
Beogh
Jiyva

Shops:
D %}**


Innate Abilities, Weirdness & Mutations

You are resistant to torment.
Your stone body is resilient. (AC +9)
You are immune to poison.
You resist negative energy. (rN+)
You are resistant to electric shocks. (rElec)
You can survive without breathing.
You are immune to petrification.
You are immune to rotting.


Message History

You bludgeon the swamp dragon!!
The swamp dragon is severely wounded.
You block the swamp dragon's attack.
The swamp dragon claws you but does no damage.
You block the swamp dragon's attack.
You hit the swamp dragon.
The swamp dragon is almost dead.
You block the swamp dragon's attack. x3
A spriggan rider comes into view.
It is wielding a +0 spear and wearing a +0 buckler of reflection.
You hit the swamp dragon.
The swamp dragon is almost dead.
Roots burst forth from the earth!
The grasping roots grab you!
* * * LOW HITPOINT WARNING * * *
The grasping roots constrict you. You block the swamp dragon's attack.
The swamp dragon claws you but does no damage.
You block the swamp dragon's attack. x2; The swamp dragon claws you.
* * * LOW HITPOINT WARNING * * *
You block the swamp dragon's attack.
You die...

▓.▓.▓.▓.▓)▓.▓.▓.▓.
▓†▓.▓)▓.▓)▓.▓(▓.▓.
▓†▓.▓)▓.▓)▓.▓.▓.▓'
▓.▓.▓)▓.▓)▓.▓.▓.▓_
▓.▓.▓)▓.▓)▓.▓.▓.▓_
▓.▓.▓)▓.▓)▓.▓†▓.▓_
▓.▓.▓)▓[▓.▓.▓.▓.▓_
▓.▓.▓)▓.▓)▓.▓†▓.▓_
▓@▓.▓)▓.▓.▓.▓.▓.▓_
▓D▓.▓.▓.▓.▓.▓.▓.▓_
▓f▓.▓[▓.▓.▓.▓.▓.▓_
♣k♣.▓[▓.▓.▓.▓.▓.▓_
♣.♣.▓[▓.▓.▓.▓.▓.▓_
♣i♣.▓[▓.▓)▓.▓.▓.▓_
♣.♣.▓.▓.▓)▓.▓.▓.▓_
♣.♣.▓[▓.▓)▓.▓.▓.▓_
♣°♣.▓[▓.▓)▓.▓.▓.▓_


You could see a shambling mangrove, a swamp dragon, a spriggan rider and a swamp
drake.

Vanquished Creatures
  Gastronok (D)
  Kirke (D)
  A sphinx (D)
  Agnes (D)
  2 ghost moths (D)
  An entropy weaver (D)
  An ettin (D)
  5 ogre magi (D)
  Harold (D)
  A hydra (D)
  3 centaur warriors (D)
  5 two-headed ogres (D)
  A spriggan druid (D)
  An unseen horror (D)
  An orb spider (D)
  A wolf spider (D)
  An orc knight (D)
  An orc sorcerer (D)
  2 ugly things (D)
  Joseph (D)
  2 black mambas (D)
  A cane toad (D)
  A gargoyle (D)
  2 komodo dragons (D)
  A komodo dragon (shapeshifter) (D)
  A troll (D)
  A slime creature (D)
  2 blink frogs (D)
  A bog body (D)
  2 redbacks (D)
  A wraith (D)
  3 yaks (D)
  2 tarantellas (D)
  A basilisk (D)
  2 vampire mosquitoes (D)
  Grum (D)
  4 wargs (D)
  3 crocodiles (D)
  A water moccasin (D)
  2 hell hounds (D)
  A porcupine (D)
  11 orc warriors (D)
  An ice beast (D)
  2 sky beasts (D)
  4 ogres (D)
  4 wolves (D)
  3 bullfrogs (D)
  A scorpion (D)
  A wight (D)
  2 crimson imps (D)
  3 orc priests (D)
  2 orc wizards (D)
  An iguana (D)
  3 worker ants (D)
  A shadow imp (D)
  8 orcs (D)
  2 bat zombies (D)
  A goblin (D)
  A hobgoblin (D)
  A kobold (D)
  A jackal zombie (D)
  2 rats (D)
122 creatures vanquished.

Vanquished Creatures (others)
  A swamp dragon (D)
1 creature vanquished.

Grand Total: 123 creatures vanquished

Notes
Turn   | Place    | Note
-------+----------+-------------------------------------------
     0 | D        | Freyura the Gargoyle Fighter began the quest for the Orb.
     0 | D        | Reached XP level 1. HP: 14/14 MP: 1/1
    68 | D        | Noticed an ice beast
    68 | D        | Noticed an iguana
    68 | D        | Noticed a sky beast
    68 | D        | Noticed a worker ant
    79 | D        | Killed an ice beast
    79 | D        | Reached skill level 5 in Fighting
    79 | D        | Reached skill level 5 in Maces & Flails
    79 | D        | Reached skill level 5 in Armour
    79 | D        | Reached skill level 5 in Shields
    79 | D        | Reached XP level 2. HP: 21/21 MP: 2/2
    79 | D        | Reached XP level 3. HP: 26/26 MP: 3/3
    79 | D        | Reached XP level 4. HP: 31/31 MP: 4/4
    81 | D        | Reached XP level 5. HP: 35/35 MP: 5/5
    93 | D        | Killed a sky beast
    93 | D        | Reached skill level 7 in Maces & Flails
    96 | D        | Reached XP level 6. HP: 31/42 MP: 6/6
   105 | D        | Found a roughly hewn altar of Beogh.
   105 | D        | Found a snail-covered altar of Cheibriados.
   105 | D        | Found a shadowy altar of Dithmenos.
   105 | D        | Found a white marble altar of Elyvilon.
   105 | D        | Found a blossoming altar of Fedhas.
   105 | D        | Found an opulent altar of Gozag.
   106 | D        | Found a hazy altar of Hepliaklqana.
   107 | D        | Found a viscous altar of Jiyva.
   108 | D        | Found an ancient bone altar of Kikubaaqudgha.
   109 | D        | Found a corrupted altar of Lugonu.
   110 | D        | Found a burning altar of Makhleb.
   111 | D        | Found a sparkling altar of Nemelex Xobeh.
   112 | D        | Found an iron altar of Okawaru.
   113 | D        | Found a stormy altar of Qazlal.
   114 | D        | Found a sacrificial altar of Ru.
   115 | D        | Found a shimmering blue altar of Sif Muna.
   116 | D        | Found a bloodstained altar of Trog.
   117 | D        | Found a hide-covered altar of Uskayaw.
   118 | D        | Found a radiant altar of Vehumet.
   119 | D        | Found an ornate altar of the Wu Jian Council.
   120 | D        | Found a shimmering altar of Xom.
   121 | D        | Found a basalt altar of Yredelemnul.
   122 | D        | Found a glowing silver altar of Zin.
   123 | D        | Found a glowing golden altar of the Shining One.
   155 | D        | Became a worshipper of the Shining One
   200 | D        | Noticed a slime creature
   200 | D        | Reached * piety under the Shining One
   200 | D        | Noticed a sky beast
   200 | D        | Reached ** piety under the Shining One
   207 | D        | Killed a slime creature
   207 | D        | Reached skill level 8 in Maces & Flails
   209 | D        | Reached XP level 7. HP: 37/48 MP: 6/9
   217 | D        | Reached skill level 9 in Maces & Flails
   233 | D        | Reached *** piety under the Shining One
   233 | D        | Reached skill level 5 in Dodging
   251 | D        | Noticed a gargoyle
   251 | D        | Reached **** piety under the Shining One
   251 | D        | Noticed a centaur warrior
   251 | D        | Noticed a troll
   261 | D        | Killed a gargoyle
   261 | D        | Reached skill level 10 in Maces & Flails
   261 | D        | Reached skill level 5 in Invocations
   261 | D        | Reached XP level 8. HP: 55/55 MP: 7/11
   269 | D        | Killed a centaur warrior
   269 | D        | Reached XP level 9. HP: 59/60 MP: 8/13
   275 | D        | Killed a troll
   275 | D        | Reached skill level 11 in Maces & Flails
   399 | D        | Got the +5 falchion of Norch {protect, rF+ Int+3}
   411 | D        | Reached ***** piety under the Shining One
   411 | D        | Noticed a komodo dragon
   412 | D        | Noticed a five-headed hydra
   428 | D        | Killed a komodo dragon
   437 | D        | Killed a five-headed hydra
   437 | D        | Reached skill level 10 in Fighting
   437 | D        | Reached skill level 12 in Maces & Flails
   437 | D        | Reached skill level 10 in Shields
   445 | D        | Reached skill level 10 in Armour
   460 | D        | Reached XP level 10. HP: 36/68 MP: 14/16
   606 | D        | Noticed a black mamba
   606 | D        | Noticed a black mamba
   615 | D        | Reached ****** piety under the Shining One
   616 | D        | Killed a black mamba
   632 | D        | Reached skill level 13 in Maces & Flails
   638 | D        | Killed a black mamba
   832 | D        | Noticed Joseph
   840 | D        | Paralysed by Joseph for 3 turns
   848 | D        | Killed Joseph
   864 | D        | Noticed Grum
   869 | D        | Reached XP level 11. HP: 74/74 MP: 18/18
   873 | D        | Killed Grum
   935 | D        | Reached skill level 14 in Maces & Flails
  1008 | D        | Noticed an orc sorcerer
  1008 | D        | Noticed an orc knight
  1013 | D        | Noticed a sun demon
  1013 | D        | Reached skill level 10 in Invocations
  1020 | D        | Killed an orc sorcerer
  1028 | D        | Killed an orc knight
  1166 | D        | Found Iwoat's Food Emporium.
  1166 | D        | Noticed an ogre mage
  1166 | D        | Noticed an ogre mage
  1166 | D        | Noticed a two-headed ogre
  1166 | D        | Noticed a two-headed ogre
  1166 | D        | Paralysed by an ogre mage for 3 turns
  1170 | D        | Noticed an ogre mage
  1175 | D        | Killed an ogre mage
  1176 | D        | Found Zupiybin's Gadget Shoppe.
  1177 | D        | Noticed a two-headed ogre
  1181 | D        | Killed an ogre mage
  1190 | D        | Killed a two-headed ogre
  1190 | D        | Reached skill level 15 in Maces & Flails
  1198 | D        | Killed a two-headed ogre
  1206 | D        | Killed a two-headed ogre
  1215 | D        | Killed an ogre mage
  1309 | D        | Found Arhoomm's Assorted Antiques.
  1313 | D        | Found Nimesch's Assorted Antiques.
  1315 | D        | Noticed a two-headed ogre
  1316 | D        | Noticed a two-headed ogre
  1317 | D        | Noticed an ogre mage
  1324 | D        | Killed a two-headed ogre
  1335 | D        | Killed a two-headed ogre
  1335 | D        | Reached XP level 12. HP: 74/82 MP: 18/20
  1348 | D        | Killed an ogre mage
  1348 | D        | Reached skill level 10 in Dodging
  1392 | D        | Noticed Harold
  1423 | D        | Killed Harold
  1423 | D        | Reached skill level 16 in Maces & Flails
  1546 | D        | Noticed Gastronok
  1573 | D        | Killed Gastronok
  1939 | D        | Noticed an ogre mage
  1963 | D        | Killed an ogre mage
  1973 | D        | Noticed a centaur warrior
  1974 | D        | Noticed an ettin
  1983 | D        | Noticed a sphinx
  1985 | D        | Noticed a centaur warrior
  1995 | D        | Killed a centaur warrior
  1995 | D        | Reached skill level 17 in Maces & Flails
  2006 | D        | Killed an ettin
  2023 | D        | Paralysed by a sphinx for 2 turns
  2029 | D        | Killed a sphinx
  2029 | D        | Reached XP level 13. HP: 26/90 MP: 22/22
  2317 | D        | Noticed Agnes
  2335 | D        | Killed Agnes
  2470 | D        | Noticed Kirke
  2484 | D        | Killed Kirke
  2561 | D        | Noticed an entropy weaver
  2564 | D        | Noticed a ghost moth
  2567 | D        | Noticed a ghost moth
  2576 | D        | Killed an entropy weaver
  2576 | D        | Reached skill level 18 in Maces & Flails
  2602 | D        | Killed a ghost moth
  2611 | D        | Killed a ghost moth
  2611 | D        | Reached skill level 15 in Fighting
  2611 | D        | Reached skill level 15 in Armour
  2611 | D        | Reached skill level 15 in Shields
  2741 | D        | Slain by a shambling mangrove

Skill      XL: |  1  2  3  4  5  6  7  8  9 10 11 12 13 |
---------------+----------------------------------------+-----
Fighting       | 5 6 7 8 9 10 11 12 14 15 | 15.2
Maces & Flails | 5 7 8 10 12 13 15 17 18 | 18.6
Armour         | 5 6 7 8 9 10 11 12 14 15 | 15.2
Dodging        | 2 3 4 5 6 7 8 9 11 | 11.8
Shields        | 5 6 7 8 9 10 11 12 14 15 | 15.2
Invocations    | 3 5 6 8 9 11 13 14 | 14.1

Action                   |  1- 3 |  4- 6 |  7- 9 | 10-12 | 13-15 || total
-------------------------+-------+-------+-------+-------+-------++-------
Melee: Flail             |    25 |    27 |    93 |   387 |   122 ||   654
Invok: Divine Shield     |       |       |     2 |     8 |     2 ||    12
  Use: Potion            |     1 |       |     1 |     6 |     1 ||     9
  Eat: Chunk             |       |       |       |     3 |       ||     3
       Ration            |       |       |       |     1 |     1 ||     2
Armor: Scale mail        |     8 |     8 |       |       |       ||    16
       Ring mail         |       |     1 |    27 |    26 |       ||    54
       Chain mail        |       |       |       |    12 |    39 ||    51
Dodge: Dodged            |     5 |     7 |    48 |    77 |    23 ||   160
Block: Medium shield     |    13 |     9 |    89 |   190 |       ||   301
       Large shield      |       |       |       |    68 |   158 ||   226
